 Dungeon Crawl Stone Soup version 0.30.0-5-g1a98f26d00 (webtiles) character file.

Game seed: 8928050823639327257

72261 Kass the Impaler (level 15, -9/113 HPs)
             Began as a Djinni Gladiator on May 11, 2023.
             Was an Initiate of Gozag.
             Mangled by Frances
             ... wielding a +7 short sword of speed
              (16 damage)
             ... on level 12 of the Dungeon.
             The game lasted 01:14:47 (23090 turns).

Kass the Impaler (Djinni Gladiator)                Turns: 23090, Time: 01:14:49

Health: -9/113     AC: 21    Str: 24    XL:     15   Next: 85%
Gold:   4312       EV: 13    Int: 11    God:    Gozag SH: 20 Dex: 19

rFire   + + .        K - +5 spear (antimagic)
rCold   . . .        F - +2 kite shield
rNeg    . . .        y - +2 chain mail {rC+}
rPois   ∞            c - +0 helmet
rElec   .            p - +1 cloak
rCorr   .            B - +2 pair of gloves {Str+3}
SInv    +            (boots unavailable)
Will    ++...        G - amulet of Syndicalism {Reflect Drain rPois Str+2 SH+5} Stlth
                     Z - ring "Iphi" {*Corrode Dex+4 SInv}
HPRegen 0.38/turn    A - ring of willpower
MPRegen 0.00/turn

%: corrode self (3%), reflection, infuse magic (-10 HP)
@: flying, studying Staves
A: sickness immunity, fire resistance 2, cold vulnerability 1, float, innate
caster, HP casting, extra vitality 1
a: Renounce Religion, Potion Petition, Call Merchant, Bribe Branch


You were on level 12 of the Dungeon.
You worshipped Gozag.
Gozag was most pleased with you.
You visited 3 branches of the dungeon, and saw 18 of its levels.

You collected 5487 gold pieces.
You spent 1125 gold pieces at shops.
You paid 50 gold pieces to Gozag.

Inventory:

Hand Weapons
 E - the +4 trident of the Puffball {vamp, rC+ Str+3}
   (You took it off a gnoll sergeant on level 5 of the Dungeon)

   Str:       It affects your strength (+3).
   rC:        It protects you from cold.
 K - a +5 antimagic spear (weapon)
Missiles
 d - 3 throwing nets (quivered)
 e - 11 javelins
 j - 34 poisoned darts
 W - 6 curare-tipped darts
Armour
 c - a +0 helmet (worn)
 o - a +0 crystal plate armour
 p - a +1 cloak (worn)
 y - a +2 chain mail of cold resistance (worn)
 B - a +2 pair of gloves of strength (worn)
 F - a +2 kite shield (worn)
Jewellery
 n - a ring of resist corrosion
 s - an amulet of regeneration
 x - a +6 ring of intelligence
 A - a ring of willpower (right hand)
 C - a ring of protection from fire
 G - the amulet of Syndicalism (around neck) {Reflect Drain rPois Str+2 SH+5}
   (You took it off a gnoll sergeant on level 5 of the Dungeon)

   [amulet of reflection]

   It reflects blocked missile attacks.
   Str:       It affects your strength (+2).
   rPois:     It protects you from poison.
   Drain:     It drains your maximum health when unequipped.
   SH:        It affects your SH (+5).
 L - a ring of protection from fire
 T - an amulet of the acrobat
 X - a +4 ring of slaying
 Z - the ring "Iphi" (left hand) {*Corrode Dex+4 SInv}
   (You found it on level 5 of the Lair of Beasts)

   [ring of see invisible]

   Dex:       It affects your dexterity (+4).
   SInv:      It lets you see invisible.
   *Corrode:  It may corrode you when you take damage.
Wands
 a - a wand of iceblast (18)
 q - a wand of digging (19)
 D - a wand of light (7)
 I - a wand of flame (46)
 P - a wand of charming (16)
 S - a wand of mindburst (1)
Scrolls
 g - 10 scrolls of identify
 h - 2 scrolls of poison
 i - 5 scrolls of enchant weapon
 k - a scroll of blinking
 m - 14 scrolls of teleportation
 t - 6 scrolls of magic mapping
 u - 5 scrolls of fear
 z - 2 scrolls of noise
 V - a scroll of acquirement {unknown}
 Y - a scroll of silence
Potions
 b - 10 potions of curing
 f - 6 potions of brilliance
 l - 2 potions of berserk rage
 r - 2 potions of heal wounds
 w - a potion of flight
 H - a potion of attraction
 M - 6 potions of haste
 N - a potion of cancellation
 O - 3 potions of magic
 Q - 3 potions of lignification
 R - 2 potions of might
 U - a potion of mutation
Miscellaneous
 v - a phial of floods (inert)


   Skills:
 + Level 12.4 Fighting
 + Level 15.3 Polearms
 - Level 1.5 Throwing
 + Level 11.0 Armour
 + Level 9.0 Dodging
 + Level 4.0 Stealth
 + Level 12.0 Shields
 + Level 2.2 Evocations


You knew the following spells:

 Your Spells              Type           Power      Damage    Failure   Level
a - Summon Small Mammal   Summ           0%         N/A       94%         1
b - Momentum Strike       Conj/Tloc      0%         3d8       98%         2
c - Vampiric Draining     Necr           0%         2d6       100%        3
d - Cause Fear            Hex            0%         N/A       100%        4
e - Borgnjor's Vile Clut  Necr/Erth      0%         N/A       100%        5
f - Summon Mana Viper     Hex/Summ       0%         N/A       100%        5
g - Starburst             Conj/Fire      0%         6d3       100%        6
Your spell library was empty.


Dungeon Overview and Level Annotations

Branches:
Dungeon (12/15)            Temple (1/1) D:6            Lair (5/5) D:9
 Shoals (0/4) Lair:2        Snake (0/4) Lair:3        Slime (0/5) Lair:4
    Orc (0/2) D:10

Altars:
Ashenzari
Cheibriados
Dithmenos
Elyvilon
Fedhas
Gozag
Hepliaklqana
Makhleb
Nemelex Xobeh
Okawaru
Qazlal
Ru
Trog
Uskayaw
Wu Jian
Xom
Yredelemnul
Zin
The Shining One
Jiyva

Shops:
D:2 (   D:3 ?:(=[   D:9 [[*!

Annotations:
D:12 Frances
Lair:3 exclusion: oklob plant
Lair:4 exclusion: oklob plant
Lair:5 2 transporters, wheals's ghost, journeyman OgDe


Innate Abilities, Weirdness & Mutations

You are immune to sickness and miasma.
You are immune to poison.
Your flesh is very heat resistant. (rF++)
You are vulnerable to cold. (rC-)
You float through the air rather than walking.
You learn spells naturally, not from books.
Your magical power is your life essence.
You have superior vitality. (+4 MHP)


Message History

You block the sixfirhy's attack.
Frances speaks in an indecipherable language.
Frances falters for a moment.
You hit Frances but do no damage.
Frances is severely wounded.
You block the ice devil's attack.
Frances falters for a moment.
You barely miss Frances.
Frances is severely wounded.
Frances hits you with a +7 short sword of speed.
You block the ice devil's attack.
You hit Frances but do no damage.
Frances is severely wounded.
You block Frances's attack.
You barely miss Frances.
Frances is severely wounded.
You block Frances's attack. You block the sixfirhy's attack.
The ice devil hits you but does no damage.
Frances hits you with a +7 short sword of speed!!
You closely miss Frances.
Frances is severely wounded.
You block the sixfirhy's attack.
The sixfirhy hits you but does no damage.
Frances hits you with a +7 short sword of speed.
You block the sixfirhy's attack.
You hit Frances but do no damage.
Frances is severely wounded.
You block the sixfirhy's attack. x2; The ice devil hits you.
The ice devil freezes you!
* * * LOW HITPOINT WARNING * * *
Frances hits you with a +7 short sword of speed!!
* * * LOW HITPOINT WARNING * * *
You feel much better.
The sixfirhy hits you but does no damage.
You block the sixfirhy's attack.
Frances sneers.
Frances hits you with a +7 short sword of speed!!
* * * LOW HITPOINT WARNING * * *
Frances hits you with a +7 short sword of speed!
You die...
Your body crumbles into a pile of gold.

#......................
#......................
#...................###
#...................#
#...................#
#...................#
#...................###
#......3...............
#.....@4...............
#...###@...............
#...# ................
#...# ...............#
#...# ..............)#
#...# ...............#
#.... ...............#
#... ..............)#
..........


You could see Frances (fast, magic disrupted), an ice devil (summoned) and a
sixfirhy (summoned).

Vanquished Creatures
  Jorgrun (D:12)
  Erolcha (D:9)
  5 hydras
  2 catoblepae
  Erica (D:11)
  4 two-headed ogres
  2 boulder beetles
  Urug (Lair:1)
  12 death yaks
  Sonja (Lair:5)
  4 skysharks
  A goliath frog (Lair:5)
  A salamander (Lair:3)
  A manticore (D:12)
  The ghost of paps the Caller, a novice OpSu (D:4)
  An ugly thing (D:12)
  3 cyclopes
  5 elephants (Lair:1)
  A merfolk siren (Lair:2)
  A black mamba (Lair:1)
  Maurice (D:10)
  18 cane toads
  3 rime drakes
  9 komodo dragons
  5 trolls
  3 polar bears
  A tyrant leech (Lair:5)
  26 blink frogs
  13 dream sheep
  The ghost of ohados the Magician, an amateur DEEE of Vehumet (D:5)
  2 shadows
  42 yaks
  Grum (D:9)
  4 wyverns
  2 basilisks (Lair:5)
  4 wraiths
  A vampire (D:9)
  A steam dragon (Lair:1)
  7 vampire mosquitoes
  2 acid dragons (D:11)
  12 water moccasins
  8 orc warriors
  A sky beast (D:6)
  2 black bears (D:4)
  23 wolves
  2 ice beasts
  5 centaurs
  A phantom (D:6)
  3 kobold brigands
  12 bullfrogs
  A scorpion (D:4)
  3 gnoll sergeants
  9 wights (D:8)
  15 killer bees
  3 howler monkeys
  7 electric eels
  A centaur zombie (D:4)
  4 lava snakes (Lair:3)
  14 hounds
  2 jellies
  11 orc priests
  3 gnoll boudas
  3 sleepcaps
  Terence (D:3)
  4 iguanas
  20 orc wizards
  A killer bee zombie (D:4)
  24 gnolls
  15 adders
  A howler monkey skeleton (D:4)
  A shadow imp (D:5)
  16 white imps
  An ufetubus (D:6)
  A worm (D:3)
  2 dart slugs
  59 orcs
  6 ball pythons
  3 endoplasms
  2 giant cockroaches
  6 goblins
  9 hobgoblins
  7 jackals
  20 kobolds
  3 quokkas
  2 bats
  A frilled lizard (D:2)
  5 rats
550 creatures vanquished.

Vanquished Creatures (others)
  Psyche (D:8)
  An orc wizard (D:5)
  A kobold (D:8)
3 creatures vanquished.

Grand Total: 553 creatures vanquished

Notes
Turn   | Place    | Note
-------+----------+-------------------------------------------
     0 | D:1      | Kass the Djinni Gladiator began the quest for the Orb.
     0 | D:1      | Reached XP level 1. HP: 18/18 MP: 0/0
   241 | D:1      | Reached XP level 2. HP: 23/23 MP: 0/0
   929 | D:2      | Reached skill level 3 in Polearms
   929 | D:2      | Reached XP level 3. HP: 26/28 MP: 0/0
   929 | D:2      | Learned a level 1 spell: Summon Small Mammal
  1075 | D:2      | Reached XP level 4. HP: 33/33 MP: 0/0
  1402 | D:2      | Reached XP level 5. HP: 38/39 MP: 0/0
  1402 | D:2      | Learned a level 2 spell: Momentum Strike
  1407 | D:2      | Found Ceucso Fesu's Weapon Shoppe.
  1819 | D:3      | Found Fifyt's Book Emporium.
  1841 | D:3      | Reached skill level 4 in Polearms
  1868 | D:3      | Found Tusaulid's Weapon Shop.
  1884 | D:3      | Reached skill level 1 in Shields
  1907 | D:3      | Found Urog's Armour Emporium.
  1913 | D:3      | Noticed Terence
  2106 | D:3      | Killed Terence
  2107 | D:3      | Reached XP level 6. HP: 34/45 MP: 0/0
  2158 | D:3      | Found an opulent altar of Gozag.
  2176 | D:3      | Found Ydejoud's Magic Scroll Emporium.
  2189 | D:3      | Became a worshipper of Gozag Ym Sagoz the Greedy
  2208 | D:4      | Noticed a black bear
  2224 | D:4      | Killed a black bear
  2468 | D:3      | Found Loux's Jewellery Shoppe.
  2479 | D:3      | Found an ornate altar of the Wu Jian Council.
  2912 | D:4      | Found a runed translucent gate.
  2912 | D:4      | Found a runed translucent gate.
  2912 | D:4      | Found a runed translucent gate.
  2956 | D:4      | Noticed a black bear
  2967 | D:4      | Killed a black bear
  2968 | D:4      | Reached skill level 1 in Armour
  2968 | D:4      | Reached XP level 7. HP: 35/50 MP: 0/0
  2968 | D:4      | Learned a level 3 spell: Vampiric Draining
  3111 | D:4      | Reached skill level 5 in Polearms
  3739 | D:3      | Bought a +1 pair of gloves of strength for 165 gold pieces
  4004 | D:4      | Noticed paps's ghost (novice OpSu)
  4052 | D:5      | Entered Level 5 of the Dungeon
  4224 | D:5      | Reached XP level 8. HP: 17/57 MP: 0/0
  4456 | D:5      | Reached skill level 5 in Dodging
  4716 | D:5      | Reached skill level 6 in Polearms
  4771 | D:5      | Found a shimmering altar of Xom.
  4854 | D:5      | Found a transporter.
  4860 | D:5      | Identified the +4 trident of the Puffball {vamp, rC+ Str+3}
  4886 | D:5      | Found a transporter.
  4954 | D:5      | Identified the amulet of Syndicalism {Reflect Drain rPois
                  | Str+2 SH+5}
  5068 | D:5      | Noticed ohados's ghost (amateur DEEE)
  5092 | D:5      | Killed ohados's ghost
  5093 | D:5      | Reached XP level 9. HP: 51/63 MP: 0/0
  5093 | D:5      | Learned a level 4 spell: Cause Fear
  5669 | D:6      | Reached skill level 7 in Polearms
  6307 | D:6      | Found a staircase to the Ecumenical Temple.
  6315 | D:6      | Reached skill level 5 in Fighting
  6753 | Temple   | Entered the Ecumenical Temple
  7034 | D:6      | Reached skill level 5 in Shields
  7168 | D:7      | Reached XP level 10. HP: 70/70 MP: 0/0
  7318 | D:7      | Found a sacrificial altar of Ru.
  7782 | D:8      | Reached skill level 8 in Polearms
  8001 | D:8      | Reached skill level 1 in Stealth
  8221 | D:8      | Reached skill level 5 in Armour
  8443 | D:8      | Found a glowing silver altar of Zin.
  8794 | D:8      | Noticed Psyche
  8803 | D:8      | Killed Psyche
  9146 | D:3      | Bought a manual of Polearms for 960 gold pieces
  9228 | D:4      | Killed paps's ghost
  9229 | D:4      | Reached skill level 9 in Polearms
  9608 | D:9      | Reached XP level 11. HP: 58/77 MP: 0/0
  9608 | D:9      | Learned a level 5 spell: Borgnjor's Vile Clutch
  9676 | D:9      | Found a staircase to the Lair.
  9701 | D:9      | Noticed Grum
  9839 | D:9      | Killed Grum
 10171 | D:9      | Found Novolime's Armour Shop.
 10172 | D:9      | Identified the staff of death "Badozoby" {rC+ rN+ Int+3}
 10200 | D:9      | Noticed Erolcha
 10213 | D:9      | Killed Erolcha
 10214 | D:9      | Reached skill level 10 in Polearms
 10282 | D:9      | Found Onnuppaw's Distillery.
 10285 | D:9      | Noticed a two-headed ogre
 10295 | D:9      | Killed a two-headed ogre
 10410 | D:9      | Found a hide-covered altar of Uskayaw.
 10420 | D:9      | Found Huizopt's General Store.
 10492 | D:9      | Found Peetuvuo's Antique Armour Shop.
 10601 | D:10     | Entered Level 10 of the Dungeon
 10826 | D:10     | Reached skill level 11 in Polearms
 10844 | D:10     | Found a staircase to the Orcish Mines.
 10899 | D:10     | Found a hazy altar of Hepliaklqana.
 10912 | D:10     | Noticed a cyclops
 10937 | D:10     | Killed a cyclops
 11543 | D:10     | Noticed Maurice
 11555 | D:10     | Killed Maurice
 11593 | D:11     | Noticed a cyclops
 11593 | D:11     | Noticed a two-headed ogre
 11609 | D:11     | Killed a two-headed ogre
 11616 | D:11     | Killed a cyclops
 11617 | D:11     | Reached XP level 12. HP: 59/85 MP: 0/0
 11810 | D:11     | Reached skill level 1 in Evocations
 11866 | D:11     | Noticed a two-headed ogre
 11892 | D:11     | Killed a two-headed ogre
 11895 | D:11     | Reached skill level 12 in Polearms
 12051 | D:11     | Noticed Erica
 12066 | D:11     | Killed Erica
 13264 | D:11     | Reached skill level 13 in Polearms
 13264 | D:11     | Reached XP level 13. HP: 93/93 MP: 0/0
 13264 | D:11     | Learned a level 5 spell: Summon Mana Viper
 13530 | D:12     | Noticed Jorgrun
 13571 | D:12     | Killed Jorgrun
 13802 | D:12     | Reached skill level 14 in Polearms
 13947 | Lair:1   | Entered Level 1 of the Lair of Beasts
 14737 | Lair:1   | Reached XP level 14. HP: 96/102 MP: 0/0
 15093 | Lair:1   | Noticed Urug
 15109 | Lair:1   | Killed Urug
 15110 | Lair:1   | Reached skill level 10 in Fighting
 16014 | Lair:2   | Found a staircase to the Shoals.
 16999 | Lair:3   | Reached skill level 10 in Shields
 17706 | Lair:3   | Found a staircase to the Snake Pit.
 18552 | Lair:4   | Found a staircase to the Slime Pits.
 18553 | Lair:4   | Found a viscous altar of Jiyva.
 18987 | Lair:4   | Reached skill level 10 in Armour
 19612 | Lair:4   | Reached XP level 15. HP: 106/111 MP: 0/0
 19612 | Lair:4   | Learned a level 6 spell: Starburst
 20004 | Lair:5   | Entered Level 5 of the Lair of Beasts
 20074 | Lair:5   | Noticed wheals's ghost (journeyman OgDe)
 20074 | Lair:5   | Found a transporter.
 20155 | Lair:5   | Noticed Sonja
 20175 | Lair:5   | Killed Sonja
 20368 | Lair:4   | Reached skill level 15 in Polearms
 21791 | Lair:5   | Identified the ring "Iphi" {*Corrode Dex+4 SInv}
 22063 | Lair:5   | Found a transporter.
 23062 | D:12     | Noticed Frances
 23090 | D:12     | Mangled by Frances

Illustrated notes

Levels and vault maps discovered:
D:1:      evilmike_arrival_hilbert_curve, layout_loops_ring
D:2:      layout_basic, serial_shops, nicolae_shop_crystal,
          minmay_misc_feat_hallway, small_statue_intersection, st_stairs_10,
          serial_bayou_pond_d
D:3:      layout_basic, pdpol_wu_jian_five_deadly_venoms,
          general_overflow_altar, serial_shops, nicolae_shop_real_fake_doors,
          shop, shop, nicolae_shop_hallway_stairs, shop, uniq_terence
D:4:      layout_basic, gammafunk_ghost_necromancy
D:5:      layout_loops_cross, xom_butterflies, gammafunk_ghost_gnarly_gnolls,
          minmay_diced_spiral
D:6:      layout_loops_corners, mainiacjoe_overflow_small_starburst,
          minmay_temple_entry_butterflies, kennysheep_diamond, water_maze_lemuel
D:7:      layout_rooms, nicolae_ru_sacrificial_ziggurat, serial_corexii_hall,
          corexii_hall_statues_u, chequers_hall_statues_wall_a,
          corexii_hall_statues_l, corexii_hall_statues_x
D:8:      layout_basic, zin_treasury, uniq_psyche
D:9:      layout_roguey, mainiacjoe_overflow_catwalk, old_standard_altar,
          erik_lair_island, serial_shops, shop, kennysheep_mini_moat,
          nicolae_shop_trees, nicolae_shop_trees, serial_corexii_hall,
          corexii_hall_statues_i, corexii_hall_statues_i, uniq_erolcha,
          uniq_grum
D:10:     layout_basic, amcnicky_altar_gilded, erik_orc_4, uniq_maurice
D:11:     layout_basic, wad_rectangle_vault, uniq_erica
D:12:     layout_small_grid, minmay_lizard_king, uniq_frances, uniq_jorgrun
Temple:   oiseaux_autumnal_temple
Lair:1:   layout_layer_cave, grunt_megastairs_5, lemuel_fruit_tree, uniq_urug
Lair:2:   layout_big_grid, elwin_shoals_entry_rooms,
          chequers_serial_rivers_small_b, cheibrodos_lair_lostbears
Lair:3:   layout_cave_pods, nicolae_snake_entry_warm_welcome
Lair:4:   layout_cave_pods, slime_entry_1, serial_bayou_shore_b,
          grunt_megastairs_2
Lair:5:   minmay_lair_end_frog_pond, layout_misc_corridors,
          portal_ice_cave_entry_imps, gammafunk_ghost_berserking_beasts,
          uniq_sonja

Skill      XL: |  1  2  3  4  5  6  7  8  9 10 11 12 13 14 15 |
---------------+----------------------------------------------+-----
Polearms       | 3 4 5 6 7 9 11 13 14 15 | 15.3
Dodging        | 4 5 6 7 8 9 |  9.0
Shields        | 1 2 4 5 6 7 8 9 10 12 | 12.0
Fighting       | 3 4 5 6 7 8 9 11 12 | 12.4
Armour         | 1 2 3 4 5 6 7 8 10 11 | 11.0
Stealth        | 1 2 3 4 |  4.0
Evocations     | 1 2 |  2.2
Throwing       | |  1.5

Action                     |  1- 3 |  4- 6 |  7- 9 | 10-12 | 13-15 || total
---------------------------+-------+-------+-------+-------+-------++-------
  Melee: Trident           |    68 |   244 |   471 |   734 |  1690 ||  3207
         Spear             |       |       |    13 |    25 |    59 ||    97
   Cast: Summon Small Mamm |     1 |     1 |       |       |       ||     2
  Evoke: Wand              |       |       |       |     7 |    22 ||    29
         Phial of floods   |       |       |       |       |     1 ||     1
    Use: Scroll            |       |     4 |     5 |     8 |    10 ||    27
         Potion            |       |       |       |     1 |     5 ||     6
   Stab: Sleeping          |     1 |       |       |       |       ||     1
         Distracted        |       |       |       |     9 |     7 ||    16
 Armour: Leather armour    |    21 |    52 |       |       |       ||    73
         Chain mail        |       |    34 |   163 |   175 |   446 ||   818
  Dodge: Dodged            |    42 |   113 |   132 |   221 |   477 ||   985
  Block: Other             |       |    18 |       |       |       ||    18
         Buckler           |       |    86 |   185 |   279 |   566 ||  1116
         Reflection        |       |       |    11 |     6 |     9 ||    26
         Kite shield       |       |       |       |       |   117 ||   117
